 Dungeon Crawl Stone Soup version 0.20-a0-263-g81abdfb (webtiles) character file.

78572 Mefis the Thaumaturge (level 15, -6/80 HPs)
             Began as a Deep Elf Wizard on Dec 4, 2016.
             Was a Priest of Sif Muna.
             Mangled by an entropy weaver (14 damage)
             ... on level 2 of the Spider Nest.
             The game lasted 02:12:14 (36007 turns).

Mefis the Thaumaturge (Deep Elf Wizard)            Turns: 36007, Time: 02:12:16

Health: -6/80      AC:  1    Str:  7    XL:     15   Next: 18%
Magic:  1/34       EV: 19    Int: 33    God:    Sif Muna [***...]
Gold:   1543       SH:  5    Dex: 15    Spells: 1/40 levels left

rFire  x . .     SeeInvis .     x - +8 falchion of Defence {slice, *Drain Str+3 Int+3 Dex+2}
rCold  + . .     Gourm    .     b - +1 robe {MR+}
rNeg   . . .     Faith    .     Z - +0 buckler
rPois  +         Spirit   .     N - +1 helmet
rElec  .         Reflect  .     F - +2 cloak
rCorr  .         Harm     .     U - +3 pair of gauntlets of War {Slay+5}
MR     ++...                    V - +0 pair of boots
Stlth  +++.......               a - amulet of magic regeneration
                                X - ring of ice
                                Q - ring of poison resistance

@: corroded, repel missiles, divine energy
A: talons 1, sense surroundings 1
a: Stop Divine Energy, Channel Magic, Renounce Religion


You were on level 2 of the Spider Nest.
You worshipped Sif Muna.
Sif Muna was most pleased with you.
You were very hungry.

You visited 4 branches of the dungeon, and saw 20 of its levels.
You also visited: Ossuary, Ice Cave and Volcano.

You collected 1839 gold pieces.
You spent 288 gold pieces at shops.
You donated 8 gold pieces to Zin.

Inventory:

Hand Weapons
 x - the +8 falchion of Defence (weapon) {slice, *Drain Str+3 Int+3 Dex+2}
   (You found it on level 1 of the Spider Nest)

   It inflicts extra damage upon your enemies.
   It affects your strength (+3).
   It affects your intelligence (+3).
   It affects your dexterity (+2).
   It causes draining when unequipped.
Missiles
 z - 8 silver javelins (quivered)
Armour
 b - a +1 robe of magic resistance (worn)
 F - a +2 cloak (worn)
 N - a +1 helmet (worn)
 U - the +3 pair of gauntlets of War (worn) {Slay+5}
   (You found it on level 6 of the Lair of Beasts)

   It affects your accuracy and damage with ranged weapons and melee attacks
   (+5).
 V - a +0 pair of boots (worn)
 Z - a +0 buckler (worn)
Magical Staves
 y - an uncursed staff of wizardry
Jewellery
 a - an amulet of magic regeneration (around neck)
 Q - a ring of poison resistance (left hand)
 X - a ring of ice (right hand)
Wands
 e - a wand of paralysis (14/24)
 n - a wand of disintegration (12/24)
 r - a wand of flame (17/48)
 G - a wand of hasting (3/9)
 K - a wand of iceblast (1/15)
Scrolls
 f - 10 scrolls of fog
 g - a scroll of torment
 k - 5 scrolls of immolation
 u - 4 scrolls of fear
 C - 7 scrolls of teleportation
 E - a scroll of blinking
 H - a scroll of magic mapping
Potions
 h - 3 potions of heal wounds
 m - 5 potions of flight
 p - 8 potions of curing
 t - a potion of resistance
 v - a potion of haste
 A - 2 potions of cancellation
 B - a potion of magic
Books
 c - a book of Conjurations

   Spells                             Type                      Level
   a - Magic Dart                     Conjuration                  1
   b - Searing Ray                    Conjuration                  2
   c - Dazzling Spray                 Conjuration/Hexes            3
   d - Fulminant Prism                Conjuration/Hexes            4
   e - Iskenderun's Mystic Blast      Conjuration                  4
   f - Iskenderun's Battlesphere      Conjuration/Charms           5
Miscellaneous
 j - a disc of storms
 l - a lamp of fire
 O - a phial of floods
Comestibles
 d - a bread ration
 i - 10 meat rations
 q - 7 fruits
 s - 4 slices of pizza
 w - 6 beef jerkies


   Skills:
 + Level 4.6 Fighting
 + Level 10.8 Dodging
 - Level 6.6 Stealth
 * Level 4.7 Shields
 + Level 13.3 Spellcasting
 * Level 10.9 Conjurations
 - Level 6.4 Hexes
 - Level 6.6 Charms
   Level 5.2 Summonings
 - Level 2.9 Translocations
 - Level 5.5 Transmutations
 + Level 9.1 Ice Magic
 + Level 6.9 Air Magic
 - Level 4.7 Poison Magic
 + Level 10.4 Invocations
 + Level 9.4 Evocations


You had one spell level left.
You knew the following spells:

 Your Spells              Type           Power        Failure   Level  Hunger
a - Magic Dart            Conj           ####         1%          1    None
c - Blink                 Tloc           N/A          1%          2    None
e - Mephitic Cloud        Conj/Pois/Air  ######..     1%          3    None
g - Slow                  Hex            ######..     1%          2    None
l - Repel Missiles        Chrm/Air       ######       1%          2    None
m - Iskenderun's Battles  Conj/Chrm      ######..     1%          5    None
o - Ozocubu's Armour      Chrm/Ice       #######.     1%          3    None
q - Metabolic Englaciati  Hex/Ice        #######...   2%          5    None
s - Bolt of Cold          Conj/Ice       #######...   8%          6    ###....
w - Poisonous Cloud       Conj/Pois/Air  ######....   2%          5    None
Q - Irradiate             Conj/Tmut      ######....   1%          5    None


Dungeon Overview and Level Annotations

Branches:
Dungeon (11/15)            Temple (1/1) D:5            Lair (6/6) D:10
 Shoals (0/4) Lair:4       Spider (2/4) Lair:3        Slime (0/5) Lair:6
    Orc (0/2) D:11

Altars:
Ashenzari
Cheibriados
Dithmenos
Elyvilon
Fedhas
Gozag
Hepliaklqana
Kikubaaqudgha
Makhleb
Nemelex Xobeh
Okawaru
Qazlal
Ru
Sif Muna
Trog
Uskayaw
Vehumet
Xom
Yredelemnul
Zin
The Shining One
Jiyva

Shops:
D:5 ?


Innate Abilities, Weirdness & Mutations

You have sharp toenails.
You passively map a small area around you.


Message History

The entropy weaver hits you! x2; The entropy weaver closely misses you.
The entropy weaver hits you!
* * * LOW HITPOINT WARNING * * *
The entropy weaver is engulfed in poison gas.
The entropy weaver looks as sick as possible!
Sif Muna will now grant you divine energy when your reserves of magic are depleted.
You will briefly lose access to your magic after casting a spell in this manner.
Casting: Bolt of Cold
Confirm with . or Enter, or press ? or * to list all spells.
Aiming: Magic Dart
Press: ? - help, Shift-Dir - straight line, f - entropy weaver
Aim: an entropy weaver (poison gas, moderately wounded, poisoned)
The magic dart hits the entropy weaver.
The entropy weaver is heavily wounded.
The entropy weaver is engulfed in poison gas.
The entropy weaver looks as sick as possible!
The entropy weaver hits you!
* * * LOW HITPOINT WARNING * * *
The entropy weaver hits you!
You die...

......., , * * *,
, ...?.. ... , ≈ *
,..^. ,.#.. ,
...###..$# , , , ,
###........# , * .
. ,#..........#,
.... #^<........#
.....##........##
...^..§§@..!>.###
..#§≈#aa§..#......
, ≈
,,#.§§§§§.........
* #§§§##..........
* **
##§§#.......##≈.
,,
,#..###≈.......#.
, ,,....*
.≈...(.... , ,
.... ....##..... ,
* ...##.*#....


You could see 2 entropy weavers.

Vanquished Creatures
  An entropy weaver (Spider:1)
  A dire elephant (Lair:6)
  2 ice dragons (IceCv)
  3 hydras (Lair:6)
  A merfolk avatar (Lair:6)
  Erica (Lair:2)
  A hell knight (Volcano)
  A salamander mystic (Volcano)
  A sea snake (Lair:6)
  Pikel (D:4)
  10 wolf spiders (Spider:1)
  A hill giant (D:11)
  A harpy (Lair:6)
  8 orb spiders
  2 ugly things
  17 elephants (Lair:6)
  4 salamanders (Volcano)
  4 oklob plants (Lair:2)
  2 ice statues (IceCv)
  12 black mambas
  A molten gargoyle (Volcano)
  2 gargoyles
  19 spiny frogs
  10 rime drakes
  8 komodo dragons
  3 demonic crawlers (Spider:1)
  A troll (D:10)
  A wind drake (Lair:6)
  10 jumping spiders
  14 blink frogs
  7 dream sheep (Lair:6)
  2 hornets (Lair:6)
  5 polar bears
  7 hippogriffs
  15 tarantellas (Spider:1)
  37 redbacks
  A water elemental (D:11)
  6 wyverns
  25 yaks
  6 fire bats
  A fire elemental (Lair:5)
  A steam dragon (Lair:3)
  Menkaure (Ossuary)
  Edmund (D:4)
  A soldier ant (D:11)
  12 water moccasins
  Duvessa (D:4)
  8 porcupines
  3 orc warriors
  18 ice beasts
  3 sky beasts
  2 black bears (D:11)
  4 slaves
  2 phantoms
  2 necrophages
  8 wolves
  6 centaurs
  6 ogres
  8 big kobolds
  19 crocodiles
  18 bullfrogs
  Dowan (D:4)
  A wyvern zombie (D:10)
  4 scorpions
  4 killer bees (D:6)
  3 electric eels
  10 wights
  2 howler monkeys (D:8)
  5 centaur zombies
  3 lava snakes (Volcano)
  8 crimson imps
  A quasit (D:6)
  A bullfrog zombie (D:4)
  A human zombie (Ossuary)
  2 bullfrog skeletons
  A centaur skeleton (D:11)
  A gnoll shaman (D:5)
  2 orc priests
  15 hounds
  4 jellies
  4 iguanas
  5 orc wizards
  10 worker ants
  3 ogre zombies (Ossuary)
  A big kobold zombie (Ossuary)
  6 mummies (Ossuary)
  A hound skeleton (D:4)
  3 hound zombies
  A howler monkey zombie (D:10)
  A worker ant zombie (D:9)
  20 gnolls
  5 adders
  4 shadow imps
  2 adder zombies (Ossuary)
  3 dart slugs
  8 worms
  6 leopard geckos
  33 orcs
  2 ball pythons
  6 giant cockroaches
  12 goblins
  11 hobgoblins
  7 jackals
  5 quokkas
  5 bats
  7 frilled lizards
  A gnoll zombie (Ossuary)
  4 goblin zombies (Ossuary)
  A hobgoblin zombie (Ossuary)
  49 kobolds
  6 kobold zombies (Ossuary)
  A leopard gecko zombie (D:8)
  An orc zombie (Ossuary)
  5 quokka zombies (Ossuary)
  3 rats
  3 rat zombies (Ossuary)
  A plant (Lair:2)
694 creatures vanquished.

Vanquished Creatures (collateral kills)
  A big kobold (D:4)
  A killer bee (D:6)
  A bullfrog skeleton (D:6)
  A gnoll shaman (D:9)
  2 gnolls (D:9)
  A hobgoblin (D:4)
  A kobold (D:4)
8 creatures vanquished.

Vanquished Creatures (others)
  A bullfrog zombie (D:6)
  An orc wizard (D:6)
  2 orcs (D:6)
  37 fulminant prisms
  4 fungi
  11 plants
56 creatures vanquished.

Grand Total: 758 creatures vanquished

Notes
Turn   | Place    | Note
-------+----------+-------------------------------------------
     0 | D:1      | Mefis the Deep Elf Wizard began the quest for the Orb.
     0 | D:1      | Reached XP level 1. HP: 10/10 MP: 7/7
   271 | D:1      | Reached XP level 2. HP: 15/15 MP: 6/9
   275 | D:1      | Learned a level 2 spell: Call Imp
   278 | D:1      | Learned a level 2 spell: Blink
   281 | D:1      | Learned a level 2 spell: Repel Missiles
   384 | D:1      | Found a shattered altar of Ashenzari.
   399 | D:1      | Reached skill level 5 in Spellcasting
  1093 | D:2      | Reached XP level 3. HP: 18/19 MP: 8/11
  1806 | D:2      | Reached XP level 4. HP: 24/24 MP: 8/13
  1811 | D:2      | Learned a level 3 spell: Mephitic Cloud
  1815 | D:2      | Learned a level 3 spell: Conjure Flame
  2079 | D:3      | Found a stormy altar of Qazlal.
  2364 | D:3      | Found a shadowy altar of Dithmenos.
  2501 | D:3      | Found a faded altar of an unknown god.
  2738 | D:3      | Became a worshipper of Zin the Law-Giver
  2738 | D:3      | Reached * piety under Zin
  3068 | D:3      | Reached skill level 1 in Poison Magic
  3137 | D:3      | Fell from the grace of Zin
  3263 | D:4      | Noticed Edmund
  3402 | D:4      | Killed Edmund
  3402 | D:4      | Reached skill level 6 in Spellcasting
  3402 | D:4      | Reached skill level 1 in Air Magic
  3402 | D:4      | Reached XP level 5. HP: 10/28 MP: 1/15
  3654 | D:4      | Reached XP level 6. HP: 26/32 MP: 10/17
  3658 | D:4      | Learned a level 2 spell: Slow
  3852 | D:4      | Noticed Duvessa
  3860 | D:4      | Noticed Dowan
  3870 | D:5      | Entered Level 5 of the Dungeon
  4001 | D:5      | Found a hazy altar of Hepliaklqana.
  4299 | D:5      | Noticed an ice beast
  4327 | D:5      | Reached skill level 1 in Evocations
  4343 | D:5      | Killed an ice beast
  4776 | D:5      | Reached XP level 7. HP: 31/36 MP: 12/19
  5048 | D:4      | Killed Duvessa
  5048 | D:4      | Reached skill level 7 in Spellcasting
  5756 | D:4      | Noticed Pikel
  6174 | D:4      | Killed Pikel
  6174 | D:4      | Reached skill level 5 in Stealth
  6174 | D:4      | Reached skill level 8 in Spellcasting
  6174 | D:4      | Reached XP level 8. HP: 41/41 MP: 9/22
  6299 | D:4      | Killed Dowan
  7042 | D:4      | Reached skill level 5 in Dodging
  7977 | D:5      | Reached skill level 9 in Spellcasting
  8103 | D:5      | Reached XP level 9. HP: 45/45 MP: 14/24
  8313 | D:5      | Found a staircase to the Ecumenical Temple.
  8357 | Temple   | Entered the Ecumenical Temple
  8426 | Temple   | Became a worshipper of Sif Muna the Loreminder
  8480 | D:5      | Found Cuirojap's Magic Scroll Shop.
  8483 | D:5      | Bought a scroll of identify for 24 gold pieces
  8483 | D:5      | Bought a scroll of remove curse for 36 gold pieces
  8483 | D:5      | Bought a scroll of enchant armour for 90 gold pieces
  8483 | D:5      | Bought a scroll of blinking for 90 gold pieces
  8529 | D:5      | Bought a scroll of teleportation for 36 gold pieces
  8529 | D:5      | Bought a scroll of random uselessness for 12 gold pieces
  8986 | D:5      | Reached skill level 1 in Hexes
  9477 | D:6      | Reached skill level 1 in Charms
  9574 | D:6      | Reached * piety under Sif Muna
  9777 | D:6      | Found a radiant altar of Vehumet.
 10042 | D:6      | Found a sacrificial altar of Ru.
 10059 | D:6      | Reached skill level 5 in Summonings
 10119 | D:6      | Found a snail-covered altar of Cheibriados.
 10633 | D:6      | Reached skill level 5 in Conjurations
 10639 | D:6      | Reached ** piety under Sif Muna
 11276 | D:6      | Reached XP level 10. HP: 39/50 MP: 19/25
 11283 | D:6      | Learned a level 5 spell: Metabolic Englaciation
 11287 | D:6      | Learned a level 3 spell: Confuse
 11293 | D:6      | Learned a level 5 spell: Yara's Violent Unravelling
 11336 | D:7      | Found a sand-covered staircase.
 11354 | Ossuary  | Entered an ossuary
 11514 | Ossuary  | Reached skill level 1 in Transmutations
 11769 | Ossuary  | Noticed Menkaure
 11792 | Ossuary  | Killed Menkaure
 12230 | Ossuary  | Reached skill level 1 in Invocations
 12602 | D:7      | Reached skill level 1 in Ice Magic
 13760 | D:7      | Reached skill level 10 in Spellcasting
 14153 | D:8      | Reached *** piety under Sif Muna
 14919 | D:8      | Reached skill level 5 in Evocations
 15487 | D:9      | Learned a level 5 spell: Iskenderun's Battlesphere
 15493 | D:9      | Learned a level 4 spell: Fulminant Prism
 15719 | D:9      | Found a sparkling altar of Nemelex Xobeh.
 15813 | D:9      | Found a hide-covered altar of Uskayaw.
 15990 | D:10     | Entered Level 10 of the Dungeon
 16833 | D:10     | Reached **** piety under Sif Muna
 16837 | D:10     | Found a staircase to the Lair.
 16853 | Lair:1   | Entered Level 1 of the Lair of Beasts
 16980 | D:10     | Noticed a red ugly thing
 17192 | D:10     | Killed a red ugly thing
 17192 | D:10     | Reached skill level 5 in Hexes
 17192 | D:10     | Reached XP level 11. HP: 54/54 MP: 8/27
 17886 | D:11     | Noticed a purple ugly thing
 17913 | D:11     | Killed a purple ugly thing
 17913 | D:11     | Reached skill level 5 in Charms
 18011 | D:11     | Found a staircase to the Orcish Mines.
 18353 | D:11     | Noticed a hill giant
 18358 | D:11     | Killed a hill giant
 18772 | D:11     | Noticed a hill giant
 18979 | Lair:1   | You fall through a shaft!
 19709 | Lair:1   | Reached skill level 11 in Spellcasting
 19885 | Lair:2   | Reached skill level 5 in Invocations
 19888 | Lair:2   | Reached ***** piety under Sif Muna
 20067 | Lair:2   | Identified Sif Muna's Almanac of Creative Attacks (Sif Muna gifted it to you on level 2 of the Lair of Beasts)
 20067 | Lair:2   | Received a gift from Sif Muna
 20422 | Lair:2   | Noticed Erica
 20426 | Lair:2   | Killed Erica
 20426 | Lair:2   | Reached skill level 5 in Ice Magic
 20497 | Lair:2   | Reached XP level 12. HP: 58/59 MP: 21/29
 21073 | Lair:2   | Reached skill level 1 in Fighting
 22436 | Lair:2   | Got a clouded jade ring
 22438 | Lair:2   | Got a translucent brass ring
 22454 | Lair:2   | Identified the ring "Nisiekk" {+Fly rElec rN+++ Str-2 Int-2} (You found it on level 2 of the Lair of Beasts)
 22456 | Lair:2   | Identified the ring of Suicidal Tendencies {*Tele Str+5 Int-4 Dex+4 Slay+3} (You found it on level 2 of the Lair of Beasts)
 22490 | Lair:3   | Learned a level 5 spell: Irradiate
 22504 | Lair:3   | Found a frozen archway.
 22655 | IceCv    | Entered an ice cave
 23127 | IceCv    | Noticed an ice dragon
 23128 | IceCv    | Noticed an ice dragon
 23780 | IceCv    | Killed an ice dragon
 23780 | IceCv    | Reached skill level 12 in Spellcasting
 23940 | IceCv    | Killed an ice dragon
 24301 | Lair:3   | Learned a level 6 spell: Bolt of Cold
 24538 | Lair:3   | Reached XP level 13. HP: 67/67 MP: 27/31
 24702 | Lair:3   | Found a hole to the Spider Nest.
 25243 | Lair:4   | Found a dark tunnel.
 25249 | Volcano  | Entered a volcano
 25612 | Volcano  | Found a radiant altar of Vehumet.
 26315 | Lair:4   | Found a staircase to the Shoals.
 26879 | Lair:1   | Gained mutation: You are resistant to electric shocks. (rElec) [potion of mutation]
 26879 | Lair:1   | Gained mutation: Your flesh is cold resistant. (rC+) [potion of mutation]
 26879 | Lair:1   | Gained mutation: You are frail. (-10% HP) [potion of mutation]
 26880 | Lair:1   | Lost mutation: Your flesh is cold resistant. (rC+) [potion of cure mutation]
 26880 | Lair:1   | Lost mutation: You are resistant to electric shocks. (rElec) [potion of cure mutation]
 26880 | Lair:1   | Lost mutation: You are frail. (-10% HP) [potion of cure mutation]
 26881 | Lair:1   | Gained mutation: You tend to lose your temper in combat. [potion of mutation]
 26881 | Lair:1   | Gained mutation: You have sharp toenails. [potion of mutation]
 26881 | Lair:1   | Gained mutation: You occasionally shout uncontrollably at your foes. [potion of mutation]
 26882 | Lair:1   | Lost mutation: You occasionally shout uncontrollably at your foes. [potion of cure mutation]
 26882 | Lair:1   | Lost mutation: You tend to lose your temper in combat. [potion of cure mutation]
 26882 | Lair:1   | Lost mutation: You have sharp toenails. [potion of cure mutation]
 26883 | Lair:1   | Gained mutation: You have sharp toenails. [potion of beneficial mutation]
 27595 | Lair:5   | Reached skill level 1 in Shields
 28065 | Lair:5   | Learned a level 3 spell: Ozocubu's Armour
 28955 | Lair:6   | Entered Level 6 of the Lair of Beasts
 29861 | Lair:6   | Reached skill level 5 in Air Magic
 30385 | Lair:6   | Noticed a dire elephant
 30390 | Lair:6   | Killed a dire elephant
 30400 | Lair:6   | Reached XP level 14. HP: 74/74 MP: 21/32
 30402 | Lair:6   | Reached skill level 10 in Conjurations
 30402 | Lair:6   | Reached skill level 5 in Transmutations
 30915 | Lair:6   | Reached skill level 10 in Dodging
 31407 | Lair:6   | Found a viscous altar of Jiyva.
 31407 | Lair:6   | Found a staircase to the Slime Pits.
 32223 | Lair:6   | Identified Sif Muna's Reference Book on Attacks (Sif Muna gifted it to you on level 6 of the Lair of Beasts)
 32223 | Lair:6   | Received a gift from Sif Muna
 32684 | Lair:6   | Reached skill level 10 in Invocations
 32733 | Lair:6   | Reached skill level 13 in Spellcasting
 32915 | Lair:6   | Gained mutation: You passively map a small area around you. [potion of beneficial mutation]
 33089 | Lair:1   | Learned a level 5 spell: Poisonous Cloud
 33329 | Spider:1 | Entered Level 1 of the Spider Nest
 33841 | Spider:1 | Noticed an entropy weaver
 33847 | Spider:1 | Killed an entropy weaver
 34485 | Spider:1 | Got a dazzling falchion
 34486 | Spider:1 | Identified the +8 falchion of Defence {slice, *Drain Str+3 Int+3 Dex+2} (You found it on level 1 of the Spider Nest)
 35059 | Spider:1 | Reached XP level 15. HP: 80/80 MP: 20/34
 36007 | Spider:2 | Mangled by an entropy weaver

Vault maps used:
D:1:      scummos_arrival_simple_fountains, serial_forest,
          infiniplex_forest_lined_3, infiniplex_forest_lined_room_2,
          infiniplex_forest_lined_3_way, infiniplex_forest_clump_small,
          infiniplex_forest_straight_2, infiniplex_forest_straight_2,
          ashenzari_altar_1
D:3:      lemuel_doored_altar, chequers_ecumenical_altar_simple,
          nicolae_dithmenos_through_a_glass_darkly
D:4:      minmay_goblin_kobold_castle, serial_bayou_lagoon_b, uniq_edmund,
          uniq_pikel, uniq_duvessa
D:5:      lemuel_crystal_altar, serial_shops, kennysheep_mini, first_bread,
          bh_chokoban
D:6:      fiery_altar_vehumet, lemuel_round_altar, basic_altar,
          minmay_three_doors
D:7:      nicolae_whirlpool, enter_ossuary_3
D:9:      overflow_temple_1_default, kennysheep_mini_moat
D:10:     erik_lair_island
D:11:     orc_0_dummy
Temple:   nicolae_temple_great_sept
Lair:1:   beast_lair_carwin_3
Lair:2:   st_stairs_7, grunt_megastairs_3, minmay_lair_oklob_chamber, uniq_erica
Lair:3:   nicolae_spider_entry_orb_guardian, portal_ice_cave_entry_pillars_1
Lair:4:   shoals_dummy_entry, enter_volcano_2
Lair:6:   gammafunk_lair_ancient_temple, slime_altar_1, minivault_25
Spider:1: hangedman_spider_tarantella_strand
Ossuary:  ossuary_boxes_badplayer
IceCv:    ice_cave_small_dragons
Volcano:  volcano_lake

Skill      XL: |  1  2  3  4  5  6  7  8  9 10 11 12 13 14 15 |
---------------+----------------------------------------------+-----
Spellcasting   | 5 6 8 9 10 11 12 13 | 13.3
Conjurations   | 2 3 4 5 6 7 9 10 | 10.9
Stealth        | 3 4 5 6 |  6.6
Dodging        | 3 4 5 6 7 8 9 10 | 10.8
Poison Magic   | 1 2 4 |  4.7
Air Magic      | 1 2 3 4 5 6 |  6.9
Evocations     | 1 2 3 4 5 6 7 8 9 |  9.4
Summonings     | 2 3 4 5 |  5.2
Hexes          | 2 5 6 |  6.4
Charms         | 3 4 6 |  6.6
Translocations | 2 |  2.9
Transmutations | 2 3 4 5 |  5.5
Invocations    | 3 5 7 9 10 | 10.4
Ice Magic      | 3 5 7 8 9 |  9.1
Fighting       | 2 3 4 |  4.6
Shields        | 2 4 |  4.7

Action                   |  1- 3 |  4- 6 |  7- 9 | 10-12 | 13-15 || total
-------------------------+-------+-------+-------+-------+-------++-------
Melee: Unarmed           |     6 |       |       |       |       ||     6
       Dagger            |     6 |     9 |       |       |       ||    15
       Flail             |       |       |     6 |       |       ||     6
       Whip              |       |       |     8 |       |       ||     8
       Halberd           |       |       |    12 |    84 |    17 ||   113
       Staff             |       |       |       |       |    20 ||    20
       Falchion          |       |       |       |       |    24 ||    24
Throw: Javelin           |       |    11 |    28 |     8 |       ||    47
       Tomahawk          |       |       |    17 |       |       ||    17
 Cast: Magic Dart        |   104 |   156 |   500 |  1035 |   198 ||  1993
       Repel Missiles    |     2 |       |     1 |     3 |       ||     6
       Call Imp          |     1 |     1 |     9 |     5 |       ||    16
       Mephitic Cloud    |       |     5 |    23 |    21 |       ||    49
       Conjure Flame     |       |     7 |    14 |    19 |       ||    40
       Blink             |       |       |     3 |     9 |     1 ||    13
       Iskenderun's Batt |       |       |       |    72 |    50 ||   122
       Fulminant Prism   |       |       |       |    36 |     1 ||    37
       Slow              |       |       |       |     7 |       ||     7
       Bolt of Cold      |       |       |       |     3 |   193 ||   196
       Irradiate         |       |       |       |       |    14 ||    14
       Ozocubu's Armour  |       |       |       |       |    10 ||    10
       Metabolic Englaci |       |       |       |       |    14 ||    14
       Poisonous Cloud   |       |       |       |       |    23 ||    23
Invok: Renounce Religion |       |     1 |       |       |       ||     1
       Divine Energy     |       |       |     2 |     2 |     6 ||    10
       Stop Divine Energ |       |       |     2 |     2 |     5 ||     9
       Channel Magic     |       |       |       |     4 |    10 ||    14
       Forget Spell      |       |       |       |     2 |     1 ||     3
Evoke: Wand              |       |       |       |     4 |       ||     4
  Use: Scroll            |       |       |     6 |    20 |     9 ||    35
       Potion            |       |       |       |       |     6 ||     6
 Stab: Confused          |       |       |     1 |     2 |       ||     3
       Distracted        |       |       |     1 |       |       ||     1
       Sleeping          |       |       |       |     1 |     1 ||     2
  Eat: Chunk             |     3 |     9 |    15 |    27 |    60 ||   114
       Bread ration      |       |       |     1 |     5 |     4 ||    10
       Fruit             |       |       |       |       |     1 ||     1
Armor: Robe              |     5 |     3 |    22 |   101 |    71 ||   202
Dodge: Dodged            |    20 |    19 |   152 |   268 |   199 ||   658
       Deflected         |     1 |     3 |     2 |    15 |     5 ||    26
Block: Buckler           |       |       |       |       |    23 ||    23
       Rpst.: Falchion   |       |       |       |       |     8 ||     8
